Map: [ESL] Ancient Cistern

Players

Oliveira - Winner!

  • Race: Terran Terran
  • Spawn Location: 1:00

Nice

  • Race: Protoss Protoss
  • Spawn Location: 7:00

Event: ESL SC2 Masters 2023 Summer (Regionals)

VOD

Have the link to the VOD?

Description

Time

  • Played on: May 10, 2023, 8:41 a.m.
  • Length: 11:32

All games in this series

Show
View Real Time Build Order
Export as new Build Order

Oliveira Terran - Winner!

Build Orders: Reaper Expand 

Get SALT Encoding   

  12  0:00  SCV  
  13  0:12  SCV  
  14  0:17  Supply Depot  
  14  0:24  SCV  
  15  0:38  SCV  
  16  0:43  Barracks  
  16  0:45  Refinery  
  16  0:50  SCV  
  17  1:03  SCV  
  18  1:15  SCV  
  19  1:30  Orbital Command, Reaper  
  20  1:48  Command Center  
  20  1:53  Supply Depot  
  20  1:56  SCV  
  21  2:02  Marine  
  22  2:08  SCV  
  22  2:14  Factory  
  23  2:19  Bunker  
  23  2:20  SCV  
  24  2:24  Barracks Reactor  
  24  2:27  Refinery  
  24  2:33  SCV  
  25  2:50  SCV  
  28  2:58  Widow Mine  
  28  3:00  Marine x2  
  28  3:02  SCV  
  28  3:04  Starport  
  31  3:06  Orbital Command  
  31  3:14  SCV  
  31  3:18  Marine  
  33  3:24  Factory Tech Lab  
  33  3:26  SCV  
  34  3:29  Marine  
  34  3:33  SCV  
  36  3:36  Marine  
  36  3:38  SCV  
  38  3:41  Supply Depot  
  38  3:43  Siege Tank  
  38  3:45  Starport Tech Lab  
  38  3:46  SCV  
  42  3:49  Marine  
  42  3:50  SCV  
  44  3:58  Supply Depot  
  44  3:59  SCV, Marine  
  46  4:03  SCV  
  47  4:13  Marine  
  47  4:14  Raven  
  48  4:20  SCV x2  
  48  4:21  Marine  
  49  4:27  Siege Tank  
  52  4:32  Barracks, SCV  
  52  4:33  SCV  
  52  4:34  Barracks  
  52  4:35  Marine  
  55  4:39  Marine  
  55  4:40  Supply Depot  
  55  4:44  SCV  
  58  4:45  SCV  
  58  4:46  Engineering Bay  
  58  4:50  Refinery  
  58  4:53  Marine  
  58  4:56  SCV, Marine  
  61  5:02  SCV  
  61  5:03  Supply Depot  
  62  5:08  SCV  
  62  5:10  Marine  
  62  5:12  Terran Infantry Weapons Level 1  
  64  5:14  Marine  
  64  5:15  SCV, Starport Reactor, Factory Reactor  
  64  5:20  SCV  
  67  5:25  Stimpack  
  67  5:27  SCV, Supply Depot  
  67  5:28  Marine x2  
  70  5:31  Refinery  
  70  5:33  SCV, Combat Shield, Marine  
  72  5:38  Marine  
  72  5:39  SCV  
  74  5:44  Supply Depot  
  74  5:45  SCV  
  74  5:46  Marauder  
  74  5:49  Marauder  
  79  5:54  Marine  
  79  5:56  Marine  
  80  5:59  Missile Turret  
  80  6:01  Medivac x2  
  80  6:02  SCV x2  
  86  6:06  Widow Mine x2, Supply Depot  
  90  6:12  Marauder  
  90  6:13  Marauder  
  94  6:23  Supply Depot  
  94  6:27  Marine, SCV x2  
  94  6:31  Medivac x2  
  101  6:36  Marine  
  102  6:41  Supply Depot  
  102  6:45  Widow Mine x2, Marauder x2, Supply Depot  
  110  6:51  Concussive Shells  
  110  7:02  Marine x2  
  110  7:03  Command Center  
  110  7:07  Marauder  
  114  7:12  Widow Mine  
  112  7:16  Barracks, Marine  
  112  7:18  Barracks  
  107  7:23  SCV  
  107  7:28  Marauder  
  109  7:31  Marine x2  
  109  7:35  Marauder  
  106  7:48  Marine, Medivac x2  
  106  7:49  Widow Mine x2, Marauder  
  106  7:51  SCV  
  113  7:52  SCV  
  113  7:57  Terran Infantry Armor Level 1  
  112  8:01  Marine  
  112  8:02  Marauder  
  115  8:11  Barracks Reactor, Barracks Tech Lab  
  110  8:17  Marine  
  101  8:21  Marine  
  101  8:22  Marauder  
  101  8:23  Marine  
  90  8:27  Widow Mine  
  90  8:29  Medivac  
  90  8:30  Medivac  
  90  8:33  SCV x2  
  100  8:35  Marine, Armory  
  100  8:36  Engineering Bay  
  100  8:38  Widow Mine  
  103  8:41  Marine  
  103  8:45  SCV  
  103  8:46  Marauder x2  
  109  8:50  Orbital Command  
  109  8:51  Marine  
  109  8:55  Marine  
  108  8:57  Widow Mine, Marine  
  108  8:59  SCV x2  
  108  9:01  Marauder  
  116  9:05  Marine  
  116  9:07  Marauder  
  121  9:10  Widow Mine  
  121  9:11  SCV, Marauder, Marine  
  121  9:16  SCV x2, Supply Depot  
  127  9:17  Marine  
  127  9:23  SCV  
  129  9:29  Marine x2, Marauder  
  133  9:31  Widow Mine x2  
  133  9:36  SCV  
  133  9:37  Marine x2  
  133  9:38  Marauder, Marine  
  130  9:47  Marine x2  
  130  9:51  Marauder, SCV  
  137  9:53  Widow Mine  
  137  9:55  Marine x2  
  137  9:56  Widow Mine, Liberator x2, Marauder  
  149  10:02  Marine  
  149  10:04  Marine  
  142  10:08  SCV  
  142  10:09  Marine  
  142  10:12  Marauder  
  142  10:13  Marine x2  
  149  10:14  Widow Mine  
  149  10:17  Supply Depot x2  
  149  10:19  Widow Mine, Marauder  
  153  10:25  Marine, Marauder  
  153  10:27  Marine  
  153  10:30  Marine  
  153  10:31  Marine  
  153  10:34  Marauder  
  156  10:40  Marine  
  153  10:43  Marine  
  153  10:45  Marine  
  153  10:48  Marine  
  153  10:49  SCV x2  
  150  10:56  Marine x2  
  150  10:57  Marauder  
  151  10:58  Widow Mine x2, Medivac  
  151  10:59  SCV  
  151  11:01  Marine x2  
  151  11:04  SCV  
  150  11:05  Marine  
  150  11:07  Marine  
  152  11:13  SCV  
  152  11:14  Marine  
Show
View Real Time Build Order
Export as new Build Order

Nice Protoss 

Build Orders: 1 Gate Expand, Blink Stalkers 

Get SALT Encoding   

  12  0:00  Probe  
  13  0:12  Probe  
  14  0:19  Pylon  
  14  0:24  Probe (Chrono Boost)  
  15  0:39  Probe (Chrono Boost), Gateway  
  16  0:43  Probe (Chrono Boost)  
  16  0:48  Assimilator  
  17  0:54  Probe  
  18  1:06  Probe  
  19  1:18  Probe  
  20  1:26  Cybernetics Core, Zealot (Chrono Boost)  
  22  1:43  Nexus  
  22  1:48  Pylon  
  22  1:57  Probe, Assimilator  
  23  2:04  Adept (Chrono Boost)  
  23  2:08  Warp Gate  
  25  2:09  Probe  
  25  2:21  Probe  
  26  2:26  Stalker  
  28  2:34  Probe  
  29  2:44  Twilight Council  
  29  2:46  Probe  
  28  2:55  Probe (Chrono Boost)  
  30  3:01  Probe (Chrono Boost)  
  30  3:08  Probe (Chrono Boost)  
  30  3:12  Probe (Chrono Boost)  
  32  3:16  Probe (Chrono Boost), Gateway  
  32  3:17  Gateway  
  33  3:20  Blink (Chrono Boost)  
  33  3:21  Probe (Chrono Boost)  
  33  3:26  Probe  
  35  3:36  Pylon  
  35  3:38  Robotics Facility  
  35  3:40  Probe  
  36  3:44  Probe  
  37  3:52  Probe  
  37  3:53  Pylon  
  38  3:56  Probe  
  38  3:59  Stalker  
  41  4:08  Probe x2  
  43  4:26  Stalker x3  
  43  4:27  Observer  
  43  4:28  Probe x2  
  50  4:32  Shield Battery, Assimilator  
  50  4:37  Shield Battery  
  50  4:40  Probe x2, Pylon  
  52  4:49  Stalker x2  
  52  4:52  Stalker  
  58  4:55  Probe x2  
  60  5:07  Probe  
  60  5:09  Observer x2  
  60  5:12  Nexus  
  60  5:13  Probe (Chrono Boost)  
  63  5:18  Pylon  
  63  5:19  Probe (Chrono Boost)  
  64  5:21  Charge  
  64  5:25  Probe (Chrono Boost)  
  66  5:28  Probe (Chrono Boost)  
  66  5:30  Probe (Chrono Boost), Observer  
  66  5:32  Forge  
  67  5:36  Probe  
  67  5:39  Probe  
  69  5:48  Probe  
  70  5:51  Probe  
  70  5:55  Pylon  
  71  5:58  Protoss Ground Weapons Level 1 (Chrono Boost)  
  71  6:00  Probe  
  72  6:05  Observer  
  72  6:06  Gateway  
  72  6:07  Probe, Gateway  
  72  6:08  Gateway  
  72  6:09  Gateway  
  72  6:10  Observer  
  73  6:11  Gateway  
  73  6:15  Observer  
  73  6:17  Sentry  
  73  6:18  Sentry x2  
  79  6:19  Observer  
  79  6:22  Probe, Pylon  
  79  6:23  Probe  
  83  6:25  Probe  
  83  6:34  Photon Cannon, Shield Battery  
  83  6:38  Immortal (Chrono Boost)  
  83  6:44  Observer  
  83  6:45  Photon Cannon  
  87  6:48  Pylon  
  87  6:51  Pylon  
  87  6:57  Photon Cannon  
  87  7:02  Zealot x6  
  99  7:10  Immortal  
  103  7:21  Stalker  
  103  7:22  Stalker  
  105  7:28  Zealot x4  
  99  7:44  Zealot x2  
  99  7:48  Immortal (Chrono Boost)  
  98  7:57  Zealot x6  
  108  8:18  Warp Prism  
  100  8:23  Protoss Ground Weapons Level 2 (Chrono Boost)  
  86  8:28  Zealot x8  
  98  8:34  Probe x3  
  98  8:40  Robotics Bay  
  100  8:55  Nexus  
  100  8:57  Probe x3, Observer  
  100  8:59  Pylon  
  103  9:04  Robotics Facility, Photon Cannon  
  103  9:09  Probe  
  103  9:17  Zealot x7  
  103  9:19  Probe  
  103  9:20  Probe  
  104  9:43  Zealot x8  
  118  9:51  Pylon, Gravitic Boosters (Chrono Boost)  
  115  9:54  Observer (Chrono Boost), Assimilator  
  115  9:59  Disruptor (Chrono Boost)  
  116  10:03  Zealot x4  
  114  10:07  Disruptor (Chrono Boost)  
  114  10:12  Probe x3  
  114  10:13  Robotics Facility  
  113  10:14  Probe  
  113  10:15  Shield Battery  
  111  10:24  Probe x2  
  107  10:30  Disruptor, Stalker x4  
  114  10:36  Photon Cannon  
  114  10:39  Stalker  
  102  10:53  Zealot x7  
  66  11:08  Zealot x6  
  70  11:21  Zealot x2  
Tags
 
Add a new tag
Caveats
  • Supply blocks, unpowered buildings, or Contaminate may cause inaccurate times.
  • Supply counts are checked every 10 seconds.